 Dungeon Crawl Stone Soup version 0.31.0-11-ge490571c62 (webtiles) character file.

Game seed: 12196961591371912651

915 qw the Nimble (level 7, 0/35 HPs)
             Began as a Spriggan Hunter on Feb 4, 2024.
             Killed by divine providence
             ... invoked by an orc priest
              (10 damage)
             ... on level 5 of the Dungeon.
             The game lasted 00:02:14 (3530 turns).

qw the Nimble (Spriggan Hunter)                     Turns: 3530, Time: 00:02:15

Health: 0/35       AC:  2    Str:  7    XL:     7   Next: 82%
Magic:  8/8        EV: 29    Int: 11    God:
Gold:   266        SH:  0    Dex: 20    Spells: 6/6 levels left

rFire   + . .        a - +0 shortbow (flame)
rCold   . . .        (shield currently unavailable)
rNeg    . . .        c - +0 robe
rPois   .            (helmet restricted)
rElec   .            (no cloak)
rCorr   .            (gloves unavailable)
SInv    +            (boots unavailable)
Will    +....        h - amulet of the acrobat
Stlth   ++           e - ring of protection from fire
HPRegen 0.25/turn    (no ring)
MPRegen 0.11/turn

%: acrobat
@: very quick
A: very small, no large weapons, unfitting armour, see invisible, speed 3
a: no special abilities


You were on level 5 of the Dungeon.
You visited 1 branch of the dungeon, and saw 5 of its levels.

You collected 266 gold pieces.


Innate Abilities, Weirdness & Mutations

You are very small and have problems with some larger weapons.
You are too small for most types of armour.
You have supernaturally acute eyesight. (SInv)
You cover ground extremely quickly. (Speed+++)


   Skills:
 - Level 2.0 Fighting
 + Level 7.5 Ranged Weapons
 - Level 13.8 Dodging
 - Level 1.5 Stealth


You had 6 spell levels left.
You didn't know any spells.
Your spell library was empty.

Inventory:

Hand Weapons
 a - a +0 shortbow of flaming (weapon)
Armour
 c - a +0 robe (worn)
Jewellery
 e - a ring of protection from fire (left hand)
 h - an amulet of the acrobat (around neck)
Wands
 i - a wand of paralysis (11)
 l - a wand of acid (4)
Scrolls
 b - a scroll of enchant weapon {unknown}
Potions
 d - a potion of enlightenment
 g - a potion of heal wounds {unknown}
 j - a potion of curing {unknown}
 k - a potion of cancellation {unknown}
 n - a potion of haste {unknown}

Dungeon Overview and Level Annotations

Branches:
Dungeon (5/15)
 Temple: D:4-7

Altars:
Hepliaklqana

Shops:
D:3 :


Message History

The iguana completely misses you.
You shoot an arrow.
The arrow hits the iguana but does no damage.
The iguana is severely wounded.
The centaur misses you. The centaur completely misses you.
The iguana misses you. The centaur barely misses you.
The centaur completely misses you.
You shoot an arrow.
The arrow hits the iguana but does no damage.
The iguana is severely wounded.
The orc priest misses you. The centaur completely misses you.
The centaur barely misses you. The iguana misses you.
You shoot an arrow.
The arrow hits the iguana but does no damage.
The iguana is severely wounded.
The centaur closely misses you. The centaur kicks you.
The orc priest hits you with a +0 flail!
The iguana misses you. The centaur completely misses you. x2
You shoot an arrow.
The arrow hits the iguana but does no damage.
The iguana is severely wounded.
The orc priest completely misses you. The centaur misses you.
The centaur completely misses you. The iguana barely misses you.
You shoot an arrow.
The arrow hits the iguana but does no damage.
The iguana is severely wounded.
The centaur closely misses you. The centaur completely misses you.
The orc priest barely misses you. The iguana misses you.
The centaur closely misses you. The centaur misses you.
You shoot an arrow. The arrow barely misses the iguana.
The orc priest completely misses you. The centaur closely misses you.
The centaur barely misses you. The iguana misses you.
You shoot an arrow. The arrow hits the iguana.
The arrow burns the iguana.
You kill the iguana!
The centaur completely misses you. x2; The orc priest misses you.
The centaur completely misses you. x2
You shoot an arrow. The arrow barely misses the centaur.
The orc priest mumbles some strange prayers to Beogh against you.
Beogh smites you!
You die...

##..#......## #..# #
#..##.#.....# #..# #
.###..##....# #..# ######
...##..#%...## #..# ###.....
.####..#.....#####..######.....#.
#.#.##.#......[..#........#####..
#..####......#.#.#..####.## ##.
....###.............####.# #.
##...#...(......@c.......# #.
..#.........###o#....###.# #.
.####.....##...#..%.## ### #.
..##.........###.##.#
..........#......##.## ##
#.#..........#.......#### .[##
..................#[....#.!$.#
............###.....##.)lc.$.#
..........#..#..#.......##|$##


You could see a centaur and an orc priest.

Vanquished Creatures
  A water moccasin (D:5)
  A black bear (D:5)
  An ogre (D:4)
  2 bombardier beetles
  An orc priest (D:3)
  5 hounds
  Ijyb (D:3)
  4 iguanas
  An orc wizard (D:3)
  4 gnolls (D:4)
  5 adders
  2 dart slugs (D:4)
  A ribbon worm (D:2)
  9 orcs
  4 ball pythons
  5 endoplasms
  A giant cockroach (D:2)
  8 goblins (D:3)
  4 hobgoblins
  9 jackals
  A quokka (D:1)
  10 bats
  2 frilled lizards (D:1)
  5 kobolds
  3 rats
  A spectral goblin (D:3)
91 creatures vanquished.

Notes
Turn   | Place    | Note
-------+----------+-------------------------------------------
     0 | D:1      | qw the Spriggan Hunter began the quest for the Orb.
     0 | D:1      | Reached XP level 1. HP: 10/10 MP: 2/2
     0 | D:1      | 0 ||| qw: Version: 0.3-a-160-g6735b56
     0 | D:1      | 0 ||| qw: Game counter: 5966
     0 | D:1      | 0 ||| qw: Melee chars always use a shield: true
     0 | D:1      | 0 ||| qw: God list: Okawaru
     0 | D:1      | 0 ||| qw: Allow faded altars: false
     0 | D:1      | 0 ||| qw: Do Orc after clearing Dungeon:15 true
     0 | D:1      | 0 ||| qw: Do second Lair branch before Depths: true
     0 | D:1      | 0 ||| qw: Lair rune preference: random
     0 | D:1      | 0 ||| qw: Goals: Normal
     0 | D:1      | 0 ||| PLANNING D:1-11
   160 | D:1      | Reached skill level 3 in Dodging
   331 | D:1      | Reached XP level 2. HP: 14/14 MP: 3/3
   437 | D:1      | Reached skill level 4 in Dodging
   767 | D:1      | 767 ||| UPGRADING to ring of protection from fire.
   768 | D:1      | 768 ||| DROPPING ring of flight.
   769 | D:1      | 769 ||| READING scroll labelled ROZURHI SUIPEE.
   770 | D:1      | 770 ||| READING scroll labelled QUNEPRUURR.
   771 | D:1      | 771 ||| DROPPING scroll of butterflies.
   916 | D:2      | Reached XP level 3. HP: 18/18 MP: 4/4
  1254 | D:2      | 1254 ||| READING scroll labelled HEZASORCHAY.
  1254 | D:2      | 1254 ||| BRANDING +0 shortbow.
  1255 | D:2      | 1255 ||| READING 2 scrolls labelled KAOLAR SOBBOIN.
  1255 | D:2      | 1255 ||| IDENTIFYING metallic grey potion
  1256 | D:2      | 1256 ||| DRINKING potion of experience.
  1256 | D:2      | Reached skill level 13 in Dodging
  1256 | D:2      | Reached XP level 4. HP: 22/22 MP: 5/5
  1257 | D:2      | 1257 ||| READING scroll of identify.
  1257 | D:2      | 1257 ||| IDENTIFYING bubbling golden potion
  1258 | D:2      | 1258 ||| READING scroll labelled ILEOH LAID.
  1302 | D:2      | 1302 ||| DROPPING potion of attraction.
  1386 | D:3      | HP: 3/22 [orc priest/+0 mace (6)]
  1391 | D:3      | Reached XP level 5. HP: 5/26 MP: 6/6
  1489 | D:3      | Found a hazy altar of Hepliaklqana.
  1510 | D:3      | Found Lateh's Book Shoppe.
  1646 | D:3      | Identified the +1 mace of Classification {pain, Dex+3}
  1811 | D:3      | Noticed Ijyb
  1821 | D:3      | Paralysed by Ijyb for 2 turns
  1825 | D:3      | Killed Ijyb
  2009 | D:3      | 2009 ||| UPGRADING to amulet of the acrobat.
  2014 | D:3      | 2014 ||| READING scroll labelled BAXKUR YTEHO.
  2019 | D:3      | 2019 ||| DRINKING 2 fizzy orange potions.
  2035 | D:3      | 2035 ||| DROPPING potion of lignification.
  2093 | D:4      | Reached XP level 6. HP: 30/30 MP: 7/7
  2178 | D:4      | 2178 ||| RETREEEEATING.
  2657 | D:4      | HP: 5/30 [ogre/+0 giant spiked club (25)]
  2661 | D:4      | Reached skill level 6 in Ranged Weapons
  2683 | D:4      | 2683 ||| FLEEEEING.
  2705 | D:4      | 2705 ||| FLEEEEING.
  2713 | D:4      | 2713 ||| FLEEEEING.
  2716 | D:4      | 2716 ||| FLEEEEING.
  2744 | D:4      | 2744 ||| FLEEEEING.
  2745 | D:4      | 2745 ||| FLEEEEING.
  3103 | D:4      | 3103 ||| READING 2 scrolls of identify.
  3103 | D:4      | 3103 ||| IDENTIFYING pink potion
  3104 | D:4      | 3104 ||| READING scroll of identify.
  3104 | D:4      | 3104 ||| IDENTIFYING glowing orange potion
  3105 | D:4      | 3105 ||| READING scroll labelled KOM USEMUOTAWA.
  3106 | D:4      | 3106 ||| DROPPING potion of degeneration.
  3141 | D:5      | Entered Level 5 of the Dungeon
  3142 | D:5      | 3142 ||| STAIRDANCE
  3146 | D:5      | 3146 ||| STAIRDANCE
  3158 | D:4      | Reached XP level 7. HP: 33/35 MP: 8/8
  3177 | D:5      | 3177 ||| ZAPPING wand of acid (5) at 1,-1 (black bear;
                  | floor).
  3216 | D:5      | 3216 ||| RETREEEEATING.
  3220 | D:5      | 3220 ||| RETREEEEATING.
  3238 | D:5      | HP: 8/35 [iguana (7)]
  3501 | D:5      | 3501 ||| RETREEEEATING.
  3502 | D:5      | 3502 ||| RETREEEEATING.
  3504 | D:5      | 3504 ||| RETREEEEATING.
  3506 | D:5      | 3506 ||| FLEEEEING.
  3507 | D:5      | 3507 ||| FLEEEEING.
  3509 | D:5      | 3509 ||| FLEEEEING.
  3510 | D:5      | 3510 ||| FLEEEEING.
  3515 | D:5      | 3515 ||| FLEEEEING.
  3525 | D:5      | HP: 8/35 [orc priest/+0 flail (9)]
  3530 | D:5      | Killed from afar by an orc priest

Levels and vault maps discovered:
D:1:      elethiomel_arrival_shortcut, layout_basic
D:2:      layout_rooms
D:3:      kennysheep_the_goblin_king, layout_rooms,
          nicolae_hepliaklqana_monster_ancestors, serial_shops,
          nicolae_book_shop_shelving, minmay_crystal_room, serial_bayou_ford_a
D:4:      layout_basic, dreamdust_gnoll_farm
D:5:      layout_layer_cave, minmay_joined_circles

Skill      XL: |  1  2  3  4  5  6  7 |
---------------+----------------------+-----
Dodging        | 3 4 13 | 13.8
Ranged Weapons | 5 6 7 |  7.5
Fighting       | 2 |  2.0
Stealth        | |  1.5

Action                     |  1- 3 |  4- 6 |  7- 9 || total
---------------------------+-------+-------+-------++-------
   Fire: Shortbow          |   104 |   143 |    80 ||   327
  Evoke: Wand              |       |       |     1 ||     1
    Use: Scroll            |     4 |     6 |       ||    10
         Potion            |     1 |     1 |       ||     2
 Armour: Robe              |    10 |    16 |    13 ||    39
  Dodge: Dodged            |    44 |    82 |   106 ||   232

Table legend:
 A = Non-vault XP
 B = Vault XP
 C = Vault XP percentage of total XP
 D = Non-vault monster count
 E = Vault monster count
 F = Vault count percentage of total count
                 A         B        C        D         E       F
            +---------+---------+-------+---------+---------+-------
      Total |     996 |     219 |  18.0 |      73 |      18 |  19.8
            +---------+---------+-------+---------+---------+-------
        D:1 |      30 |       0 |   0.0 |      19 |       0 |   0.0
        D:2 |      60 |       0 |   0.0 |      19 |       0 |   0.0
        D:3 |     144 |      51 |  26.2 |      15 |       9 |  37.5
        D:4 |     279 |      99 |  26.2 |      13 |       5 |  27.8
        D:5 |     483 |      69 |  12.5 |       7 |       4 |  36.4
            +---------+---------+-------+---------+---------+-------
